 Dungeon Crawl Stone Soup version 0.26.1-11-gd32895ea62 (webtiles) character file.

Game seed: 5901770600483915135

632 Zeld the Chucker (level 7, -6/45 HPs)
             Began as an Octopode Brigand on May 12, 2021.
             Was an Initiate of Fedhas.
             Mangled by an ice beast (9 damage)
             ... on level 5 of the Dungeon.
             The game lasted 00:06:00 (6858 turns).

Zeld the Chucker (Octopode Brigand)                 Turns: 6858, Time: 00:06:01

Health: -6/45      AC:  1    Str: 12    XL:     7   Next: 49%
Magic:  7/7        EV: 13    Int: 14    God:    Fedhas [......]
Gold:   99         SH:  0    Dex: 13    Spells: 6/6 levels left

rFire    . . .     SeeInvis .   a - +2 dagger
rCold    . . .     Faith    .   (no shield)
rNeg     . . .     Spirit   .   (helmet restricted)
rPois    .         Reflect  .   (no amulet)
rElec    .         Harm     .   (no ring)
rCorr    .         Rampage  .   (no ring)
Will     .....                  (no ring)
Stlth    ++++......             (no ring)
HPRegen  0.15/turn              (no ring)
MPRegen  0.10/turn              (no ring)
                                (no ring)
                                (no ring)

@: no status effects
A: almost no armour, stealthy swim, amphibious, 8 rings, constrict 8, camouflage
1, gelatinous body 1
a: Renounce Religion


You were on level 5 of the Dungeon.
You worshipped Fedhas.
Fedhas was noncommittal.
You visited 2 branches of the dungeon, and saw 7 of its levels.

You collected 255 gold pieces.
You spent 156 gold pieces at shops.

Inventory:

Hand Weapons
 a - a +2 dagger (weapon)
 p - a +2 dagger of speed
Missiles
 b - 9 poisoned darts (quivered)
 c - 2 curare-tipped darts
Jewellery
 f - a cursed ring of teleportation {unknown}
 y - an uncursed ring of ice {unknown}
Wands
 u - a wand of paralysis (6)
Scrolls
 e - a scroll of blinking {unknown}
 g - a scroll of identify {unknown}
 k - 2 scrolls of random uselessness {unknown}
 m - 3 scrolls of enchant weapon {unknown}
 n - 3 scrolls of remove curse {unknown}
 q - 2 scrolls of fear
 r - 2 scrolls of magic mapping {unknown}
 s - a scroll of amnesia {unknown}
 t - 2 scrolls of enchant armour {unknown}
 x - 2 scrolls of teleportation {unknown}
Potions
 d - a potion of ambrosia {unknown}
 h - 3 potions of heal wounds {unknown}
 i - 6 potions of curing
 j - 2 potions of haste {unknown}
 l - 2 potions of might {unknown}
 o - a potion of attraction {unknown}
 v - a potion of flight
 w - a potion of brilliance


   Skills:
 - Level 2.0 Fighting
 * Level 5.7 Short Blades
 - Level 6.0 Throwing
 - Level 1.0 Dodging
 - Level 5.3 Stealth


You had 6 spell levels left.
You didn't know any spells.
Your spell library was empty.

Dungeon Overview and Level Annotations

Branches:
Dungeon (6/15)             Temple (1/1) D:5

Altars:
Ashenzari
Cheibriados
Dithmenos
Fedhas
Hepliaklqana
Kikubaaqudgha
Makhleb
Nemelex Xobeh
Qazlal
Sif Muna
Trog
Uskayaw
Vehumet
Wu Jian
Xom
Yredelemnul
The Shining One

Shops:
D:6 !

Annotations:
D:6 exclusion: ice beast


Innate Abilities, Weirdness & Mutations

You cannot wear most types of armour.
You are very stealthy in the water. (Stealth+)
You are amphibious.
You can wear up to eight rings at the same time.
You can use your tentacles to constrict eight enemies at once.
Your skin changes colour to match your surroundings (Stealth+).
Your rubbery body absorbs attacks. (AC +1, EV +1)


Message History

The ice beast hits you. The ice beast freezes you.
You are too injured to fight recklessly!
You are too injured to fight recklessly!
You are too injured to fight recklessly!
You see here a shortbow.
Aiming: Paralyse
Press: ? - help, Shift-Dir - straight line, f - ice beast
Aim: an ice beast (lightly wounded, chance to affect: 46%)
The ice beast resists with some effort.
The ice beast hits you. The ice beast freezes you!
* * * LOW HITPOINT WARNING * * *
Unknown command.
Aiming: Paralyse
Press: ? - help, Shift-Dir - straight line, f/p - ice beast
Aim: an ice beast (lightly wounded, chance to affect: 46%)
The ice beast resists with some effort.
The ice beast hits you.
* * * LOW HITPOINT WARNING * * *
The ice beast freezes you!
You die...
Fedhas appreciates your contribution to the ecosystem.

######....#.............#######
# #######..................# #
.. #..................# # ...
######'###...##..>.# +
....##.......##...##....# #
..................##....#
############............#[....#
...........#............#.....#
...........'..)Y@.......#.....#
...........#.......##...#.....#
...........###########'###....#
...........#.......##...#######
##........#............#
+........#............#
#...!....#............#
#........#............#
#........#.......##...#


You could see an ice beast.

Vanquished Creatures
  2 ogres (D:4)
  2 howler monkeys
  A hound (D:3)
  An orc priest (D:3)
  2 bullfrog skeletons
  Ijyb (D:4)
  2 worker ants
  3 gnolls
  5 adders
  2 white imps (D:5)
  4 worms
  A dart slug (D:1)
  5 leopard geckos
  8 orcs
  3 ball pythons
  A giant cockroach (D:1)
  10 goblins
  12 hobgoblins
  7 jackals
  4 kobolds
  3 quokkas
  7 bats
  4 frilled lizards
  7 rats
97 creatures vanquished.

Notes
Turn   | Place    | Note
-------+----------+-------------------------------------------
     0 | D:1      | Zeld the Octopode Brigand began the quest for the Orb.
     0 | D:1      | Reached XP level 1. HP: 14/14 MP: 1/1
    81 | D:1      | Reached XP level 2. HP: 7/19 MP: 2/2
   586 | D:1      | Reached skill level 3 in Throwing
  1124 | D:2      | Reached XP level 3. HP: 20/24 MP: 3/3
  1639 | D:2      | Reached skill level 4 in Throwing
  1747 | D:2      | Found a shimmering blue altar of Sif Muna.
  2071 | D:3      | Reached XP level 4. HP: 29/29 MP: 4/4
  2950 | D:3      | Reached skill level 5 in Throwing
  3160 | D:3      | Reached XP level 5. HP: 34/34 MP: 5/5
  3172 | D:3      | Found a burning altar of Makhleb.
  4719 | D:4      | Found a shimmering altar of Xom.
  4727 | D:4      | Reached skill level 6 in Throwing
  4737 | D:4      | Reached XP level 6. HP: 24/39 MP: 6/6
  5336 | D:4      | You fall into a shaft and drop 2 floors!
  5355 | D:6      | Noticed an ice beast
  5445 | D:6      | Found Gesm's Distillery.
  5460 | D:6      | Bought a potion of lignification for 36 gold pieces
  5460 | D:6      | Bought a potion of flight for 36 gold pieces
  5460 | D:6      | Bought a potion of brilliance for 48 gold pieces
  5460 | D:6      | Bought a potion of curing for 36 gold pieces
  5489 | D:5      | Entered Level 5 of the Dungeon
  5492 | D:5      | Noticed a water moccasin
  5513 | D:5      | Found a staircase to the Ecumenical Temple.
  5523 | Temple   | Entered the Ecumenical Temple
  5541 | Temple   | Became a worshipper of Fedhas Madash
  5764 | D:5      | Found a shimmering blue altar of Sif Muna.
  5907 | D:4      | Noticed Ijyb
  5909 | D:4      | Killed Ijyb
  5910 | D:4      | Reached XP level 7. HP: 45/45 MP: 7/7
  6169 | D:4      | Reached skill level 5 in Short Blades
  6858 | D:5      | Mangled by an ice beast

Illustrated notes

Levels and vault maps discovered:
D:1:      evilmike_arrival_hilbert_curve, layout_basic, minmay_splitting_lines
D:2:      layout_loops_ring, marbit_many_paths, chequers_mini_garden,
          minmay_misc_feat_square
D:3:      minmay_general_purpose_star, layout_rooms, serial_aquarium,
          aquarium_bridge_straight [aquarium_subvault_bridge,
          aquarium_subvault_wall, aquarium_subvault_bridge,
          aquarium_subvault_wall], aquarium_bridge_straight
          [aquarium_subvault_bridge, aquarium_subvault_wall,
          aquarium_subvault_bridge, aquarium_subvault_wall],
          aquarium_window_corridor_2, aquarium_window_fake,
          aquarium_window_fake, aquarium_window_2, aquarium_view_2d,
          aquarium_view_2b, aquarium_balcony_1b, aquarium_pool_double,
          st_stairs_14, makhleb_blood_cavern_becter
D:4:      layout_basic, kennysheep_pointless_box,
          hangedman_decor_clover_reticule, tgw_xom, uniq_ijyb
D:5:      layout_gridville, temple_pool_b, corexii_corridor_pit,
          kennysheep_small_circle
D:6:      layout_loops_corners, serial_shops, shop, uniq_maggie
Temple:   lightli_temple_of_artemis

Skill      XL: |  1  2  3  4  5  6  7 |
---------------+----------------------+-----
Throwing       | 3 4 5 6 |  6.0
Short Blades   | 4 5 |  5.7
Fighting       | |  2.0
Dodging        | |  1.0
Stealth        | |  5.3

Action                   |  1- 3 |  4- 6 |  7- 9 || total
-------------------------+-------+-------+-------++-------
Melee: Dagger            |    73 |   142 |    26 ||   241
       Constrict         |    19 |    28 |     4 ||    51
       Tentacles         |    14 |    22 |    10 ||    46
Throw: Dart              |       |     2 |     4 ||     6
Evoke: Wand              |       |       |     2 ||     2
  Use: Scroll            |       |     1 |       ||     1
 Stab: Sleeping          |    13 |    13 |       ||    26
       Distracted        |     1 |       |       ||     1
Armor: Skin              |     6 |     8 |     1 ||    15
Dodge: Dodged            |    43 |    83 |     7 ||   133
